 Dungeon Crawl Stone Soup version 0.28-a0-1234-g826d19b2e0 (webtiles) character file.

Game seed: 5079589149666235745

1 frimble the Grasshopper (level 1, 0/16 HPs)
             Began as a Demonspawn Warper on Dec 24, 2021.
             Slain by a bat (1 damage)
             ... on level 1 of the Dungeon.
             The game lasted 00:00:10 (52 turns).

frimble the Grasshopper (Demonspawn Warper)           Turns: 52, Time: 00:00:11

Health: 0/16       AC:  3    Str: 11    XL:     1   Next: 16%
Magic:  3/3        EV: 11    Int: 14    God:
Gold:   0          SH:  0    Dex: 12    Spells: 4/4 levels left

rFire   . . .      SeeInvis .   a - +0 falchion
rCold   . . .      Faith    .   (no shield)
rNeg    . . .      Spirit   .   b - +0 leather armour
rPois   .          Reflect  .   (no helmet)
rElec   .          Harm     .   (no cloak)
rCorr   .          Rampage  .   (no gloves)
Will    .....                   (no boots)
Stlth   +.........              (no amulet)
HPRegen 0.05/turn               (no ring)
MPRegen 0.08/turn               (no ring)

@: no status effects
A: no striking features
a: no special abilities


You were on level 1 of the Dungeon.
You visited 1 branch of the dungeon, and saw 1 of its levels.

Inventory:

Hand Weapons
 a - a +0 falchion (weapon)
Missiles
 d - 5 boomerangs of dispersal (quivered)
Armour
 b - a +0 leather armour (worn)
Scrolls
 c - a scroll of blinking


   Skills:
 + Level 2.0 Fighting
 + Level 1.7 Long Blades
 + Level 0.8 Throwing
 + Level 0.8 Armour
 + Level 1.7 Dodging
 + Level 2.0 Spellcasting
 + Level 2.7 Translocations


You had 4 spell levels left.
You didn't know any spells.
Your spell library contained the following spells:

 Spells                   Type           Power      Damage    Failure   Level
 Blink                    Tloc           16%        N/A       16%         2
 Gell's Gravitas          Tloc           8%         N/A       30%         3
 Lesser Beckoning         Tloc           8%         N/A       30%         3
 Teleport Other           Tloc           8%         N/A       30%         3
 Manifold Assault         Tloc           8%         N/A       96%         5


Dungeon Overview and Level Annotations

Branches:
Dungeon (1/15)

Altars:


Message History

The kobold is moderately wounded.
The bat hits you but does no damage.
The kobold hits you with a +0 short sword.
The bat hits you but does no damage.
You barely miss the kobold.
The kobold is moderately wounded.
The bat closely misses you. The kobold barely misses you.
You completely miss the kobold.
The kobold is moderately wounded.
The bat hits you but does no damage. The kobold closely misses you.
The goblin hits you with a +0 dagger. The kobold barely misses you.
You are too injured to fight recklessly!
You are too injured to fight recklessly!
You are too injured to fight recklessly!
You are too injured to fight recklessly!
You hit the bat but do no damage. The bat completely misses you.
The hobgoblin hits you. The goblin hits you with a +0 dagger.
The kobold hits you but does no damage. The bat barely misses you.
The bat hits you but does no damage. The bat barely misses you.
The goblin hits you with a +0 dagger.
There is an open door here.
You completely miss the goblin. The bat hits you.
The goblin hits you with a +0 dagger.
* * * LOW HITPOINT WARNING * * *
The bat closely misses you.
You slash the goblin!
You kill the goblin!
The bat hits you.
* * * LOW HITPOINT WARNING * * *
The bat hits you but does no damage.
You aren't carrying any potions.
You closely miss the hobgoblin. The bat closely misses you.
The bat completely misses you. The hobgoblin closely misses you.
The bat hits you but does no damage. The hobgoblin hits you.
* * * LOW HITPOINT WARNING * * *
You hit the hobgoblin.
The hobgoblin is heavily wounded.
The bat hits you.
You die...

....... ......
#### .... #..#
#..# #..# #..#
#..# #..# #..#
#Kr# #..# #bg#
#..# #@## #'##
##..##########..##
#....'......#....#
#....#....).'....#
##<.##########..##
#### ####


You could see a hobgoblin, a bat, a kobold and a rat.

Vanquished Creatures
  A goblin (D:1)
1 creature vanquished.

Notes
Turn   | Place    | Note
-------+----------+-------------------------------------------
     0 | D:1      | frimble the Demonspawn Warper began the quest for the Orb.
     0 | D:1      | Reached XP level 1. HP: 16/16 MP: 3/3
    52 | D:1      | Slain by a bat

Illustrated notes

Levels and vault maps discovered:
D:1:      sevenhm_arrival_forest_fort_large_4, layout_loops_ring

Action                   || total
-------------------------++-------
Melee: Falchion          ||    11
Armor: Leather armour    ||     9
Dodge: Dodged            ||    16

Table legend: (Time is in decaauts)
 A = Elapsed time spent in this place.
 B = Non-inter-level travel time spent in this place.
 C = Inter-level travel time spent in this place.
 D = Time resting spent in this place.
 E = Time spent auto-exploring this place.
 F = Levels seen in this place.
 G = Mean time per level.
                   A        B        C        D        E       F      G
               +--------+--------+--------+--------+--------+-----+--------+
         Total |     54 |     54 |      0 |      0 |     36 |   1 |   54.0 |
       Dungeon |     54 |     54 |      0 |      0 |     36 |   1 |   54.0 |
               +--------+--------+--------+--------+--------+-----+--------+

Top non-repeatable levels by time:
     D:1: 54 daAuts
